 Dungeon Crawl Stone Soup version 0.31-a0-365-gcf821cafb2 (webtiles) character file.

Game seed: 1950439356297917898

25 IdlyInterested the Ducker (level 2, -2/23 HPs)
             Began as a Demonspawn Gladiator on July 27, 2023.
             Killed by nerve-wracking pain
             ... invoked by Jessica
              (13 damage)
             ... on level 2 of the Dungeon.
             The game lasted 00:01:31 (549 turns).

IdlyInterested the Ducker (Demonspawn Gladiator)     Turns: 549, Time: 00:01:32

Health: -2/23      AC:  7    Str: 14    XL:     2   Next: 86%
Magic:  2/2        EV: 11    Int:  9    God:
Gold:   69         SH:  0    Dex: 14    Spells: 1/1 levels left

rFire   . . .        a - +0 rapier
rCold   . . .        (no shield)
rNeg    . . .        h - +0 ring mail
rPois   .            c - +0 helmet
rElec   .            f - +0 cloak
rCorr   .            (no gloves)
SInv    .            (no boots)
Will    .....        (no amulet)
Stlth   +            (no ring)
HPRegen 0.23/turn    (no ring)
MPRegen 0.08/turn

%: no passive effects
@: no status effects
A: hooves 1
a: no special abilities


You were on level 2 of the Dungeon.
You visited 1 branch of the dungeon, and saw 2 of its levels.

You collected 69 gold pieces.

Inventory:

Hand Weapons
 a - a +0 rapier (weapon)
Missiles
 d - 3 throwing nets
 e - a javelin
 i - 9 stones (quivered)
Armour
 c - a +0 helmet (worn)
 f - a +0 cloak (worn)
 h - a +0 ring mail (worn)
Scrolls
 g - a scroll of blinking {unknown}
Potions
 b - a potion of lignification {unknown}


   Skills:
 * Level 2.6 Fighting
 + Level 2.9 Short Blades
 - Level 2.0 Throwing
 * Level 0.2 Armour
 - Level 3.0 Dodging


You had one spell level left.
You didn't know any spells.
Your spell library was empty.

Dungeon Overview and Level Annotations

Branches:
Dungeon (1/15)

Altars:

Annotations:
D:2 Jessica


Innate Abilities, Weirdness & Mutations

You have large cloven feet.


Message History

You fall into a shaft and drop 1 floor!
The shaft crumbles and collapses.
Found 4 stones.
i - 9 stones (gained 4)
A ball python comes into view.
The ball python hisses angrily.
The ball python bites you but does no damage.
The ball python grabs you. The ball python constricts you.
The ball python barely misses you. The ball python constricts you.
You hit the ball python.
You kill the ball python!
Found 14 gold pieces.
You now have 69 gold pieces (gained 14).
Found a stone staircase leading down.
Jessica the Apprentice Sorceress comes into view.
She is wielding a +0 club.
Found a fizzy silvery potion.
A bat comes into view.
Jessica casts a spell.
Jessica seems to speed up.
Found 4 gold pieces.
The bat barely misses you.
You hit Jessica.
Jessica is moderately wounded.
The bat hits you but does no damage. x2
Jessica points at you and mumbles some strange words.
Pain shoots through your body! Jessica hits you but does no damage.
You barely miss Jessica.
Jessica is moderately wounded.
The bat closely misses you.
Jessica shouts, "You're disturbing me!
I'll have to kill you!"
Jessica points at you and mumbles some strange words.
Pain shoots through your body! The bat hits you but does no damage.
You hit Jessica.
Jessica is severely wounded.
The bat hits you but does no damage. The bat closely misses you.
Jessica says, "Why did you come here?" Jessica misses you.
Jessica casts a spell at you. Pain shoots through your body!
Ouch! That really hurt!
You die...

## # .! .# #. #.
#.###.
#####b@.#######.
$......@........
########.##.###
########..#.#
#...>.......#
#.#######.### #.#
#.# ##.## #.#
..#####...######.#
........#........#


You could see Jessica (fast) and a bat.

Vanquished Creatures
  2 dart slugs (D:1)
  An endoplasm (D:1)
  3 giant cockroaches (D:1)
  A goblin (D:1)
  A hobgoblin (D:1)
  3 jackals (D:1)
  A quokka (D:1)
  2 ball pythons
  2 bats (D:1)
  3 frilled lizards (D:1)
  2 rats (D:1)
21 creatures vanquished.

Notes
Turn   | Place    | Note
-------+----------+-------------------------------------------
     0 | D:1      | IdlyInterested the Demonspawn Gladiator began the quest for
                  | the Orb.
     0 | D:1      | Reached XP level 1. HP: 16/16 MP: 1/1
   150 | D:1      | Gained mutation: You have large cloven feet. [demonic
                  | ancestry]
   150 | D:1      | Reached XP level 2. HP: 23/23 MP: 2/2
   197 | D:1      | Reached skill level 3 in Dodging
   520 | D:1      | You fall into a shaft and drop 1 floor!
   543 | D:2      | Noticed Jessica
   549 | D:2      | Killed from afar by Jessica

Illustrated notes

Levels and vault maps discovered:
D:1:      eino_arrival_cavern_b, layout_loops_ring
D:2:      layout_loops_ring, serial_shops, nicolae_shop_tiny_statue_garden,
          minmay_goblin_kobold_house, uniq_jessica, uniq_natasha

Skill      XL: |  1  2 |
---------------+-------+-----
Dodging        | 3 |  3.0
Throwing       | 2 |  2.0
Fighting       | |  2.6
Short Blades   | |  2.9
Armour         | |  0.2

Action                     || total
---------------------------++-------
  Melee: Rapier            ||    74
         Kick              ||     6
         Punch             ||     1
 Armour: Leather armour    ||    14
         Ring mail         ||    26
  Dodge: Dodged            ||    59

Table legend: (Time is in decaauts)
 A = Elapsed time spent in this place.
 B = Non-inter-level travel time spent in this place.
 C = Inter-level travel time spent in this place.
 D = Time resting spent in this place.
 E = Time spent auto-exploring this place.
 F = Levels seen in this place.
 G = Mean time per level.
                   A        B        C        D        E       F      G
               +--------+--------+--------+--------+--------+-----+--------+
         Total |    554 |    554 |      0 |     21 |    316 |   2 |  277.0 |
       Dungeon |    554 |    554 |      0 |     21 |    316 |   2 |  277.0 |
               +--------+--------+--------+--------+--------+-----+--------+

Top non-repeatable levels by time:
     D:1: 525 daAuts
     D:2: 28 daAuts
